 Dungeon Crawl Stone Soup version 0.23.2-11-gf996548c65 (webtiles) character file.

Game seed: 12922716862721658594

652 kae the Changer (level 7, -1/52 HPs)
             Began as a Black Draconian Transmuter on June 3, 2019.
             Slain by a mummy (5 damage)
             ... in an ossuary.
             The game lasted 00:04:41 (3626 turns).

kae the Changer (Black Draconian Transmuter)        Turns: 3626, Time: 00:04:41

Health: -1/52      AC:  6    Str: 12    XL:     7   Next: 28%
Magic:  0/13       EV: 12    Int: 19    God:
Gold:   200        SH:  0    Dex: 13    Spells: 8/14 levels left

rFire    . . .     SeeInvis .     - Unarmed
rCold    . . .     Gourm    .   (no shield)
rNeg     . . .     Faith    .   (armour unavailable)
rPois    .         Spirit   +   (helmet restricted)
rElec    +         Reflect  .   h - scarf {Spirit}
rCorr    .         Harm     .   (no gloves)
MR       .....                  (no boots)
Stlth    +.........             (no amulet)
HPRegen  0.17/turn              (no ring)
MPRegen  0.13/turn              (no ring)

@: brilliant
A: breathe lightning, unfitting armour, electricity resistance, cold-blooded, AC
+6
a: Breathe Lightning


You were in an ossuary.
You were hungry.

You visited 1 branch of the dungeon, and saw 4 of its levels.
You also visited: Ossuary.

You collected 200 gold pieces.

Inventory:

Missiles
 a - 4 arrows
Armour
 h - a scarf of spirit shield (worn)
Wands
 j - a wand of random effects (20)
 k - a wand of digging (3)
Scrolls
 b - a scroll of remove curse
 e - 3 scrolls of identify
 l - a scroll of fog
Potions
 g - a potion of flight
Comestibles
 c - 6 rations


   Skills:
 - Level 1.1 Fighting
 - Level 1.7 Dodging
 + Level 4.4 Unarmed Combat
 + Level 4.2 Spellcasting
 * Level 6.2 Transmutations


You had 8 spell levels left.
You knew the following spells:

 Your Spells              Type           Power        Failure   Level  Hunger
a - Beastly Appendage     Tmut           #####.       1%          1    None
b - Sticks to Snakes      Tmut           #####...     1%          2    #......
c - Spider Form           Tmut/Pois      ####......   1%          3    ###....

Your spell library contained the following spells:

 Spells                   Type           Power        Failure   Level  Hunger
 Summon Small Mammal      Summ           ###.         1%          1    None
 Call Imp                 Summ           ###.....     2%          2    #......
 Blade Hands              Tmut           #####.....   3%          5    ######.
 Call Canine Familiar     Summ           ###.....     4%          3    ###....
 Summon Guardian Golem    Hex/Summ       ###.....     4%          3    ###....
 Ice Form                 Ice/Tmut       ####....     4%          4    ####...
 Summon Ice Beast         Ice/Summ       ###.....     14%         4    ####...
 Summon Lightning Spire   Summ/Air       ###.....     14%         4    ####...


Dungeon Overview and Level Annotations

Branches:
Dungeon (4/15)
 Temple: D:4-7

Altars:

Shops:
D:4 *


Innate Abilities, Weirdness & Mutations

You can breathe wild blasts of lightning.
Your glossy black scales are hard. (AC +6)
You cannot fit into any form of body armour.
You are resistant to electric shocks. (rElec)
You are cold-blooded and may be slowed by cold attacks.


Message History

Your adder bites the big kobold zombie.
Evoke which item? (* to show all) (? for menu, Esc to quit)
Aiming: Random Effects
Press: ? - help, Shift-Dir - straight line, f/p - mummy
Aim: a mummy (moderately damaged)
The mass of ice explodes!
The iceblast engulfs the mummy!
The mummy partially resists.
The mummy is almost destroyed.
The mummy disappears!
Your adder bites the big kobold zombie. x2
The mummy misses your adder. The big kobold zombie hits your adder.
Unknown command.
Your adder bites the big kobold zombie.
Your adder closely misses the big kobold zombie. x2
Your adder bites the big kobold zombie.
The big kobold zombie hits your adder.
Your adder barely misses the big kobold zombie.
Your adder bites the big kobold zombie.
The big kobold zombie is destroyed!
Your adder looks stronger.
The mummy hits you.
You die...

..........
........
......
#....#
#....#
#....#
#....#
#..SM#
#..S@#
#....#
#....#
#.∩∩.#
######


You could see a mummy and 2 friendly adders.

Vanquished Creatures
  3 water moccasins (D:4)
  An ogre (D:4)
  A hound (D:4)
  3 mummies
  5 adders
  3 gnolls (D:2)
  An ooze (D:2)
  An adder skeleton (D:4)
  2 worms (D:2)
  3 dart slugs
  A ball python (D:1)
  2 giant cockroaches
  7 goblins
  10 hobgoblins
  4 jackals (D:1)
  4 quokkas
  7 bats
  3 frilled lizards (D:1)
  2 gnoll zombies (Ossuary)
  8 kobolds
  A kobold zombie (Ossuary)
  3 orc zombies
  9 rats
84 creatures vanquished.

Vanquished Creatures (collateral kills)
  A big kobold zombie (Ossuary)
  3 mummies (Ossuary)
  2 kobold zombies (Ossuary)
6 creatures vanquished.

Grand Total: 90 creatures vanquished

Notes
Turn   | Place    | Note
-------+----------+-------------------------------------------
     0 | D:1      | kae the Draconian Transmuter began the quest for the Orb.
     0 | D:1      | Reached XP level 1. HP: 16/16 MP: 3/3
     1 | D:1      | Noticed an electric eel
   200 | D:1      | Reached XP level 2. HP: 20/23 MP: 5/5
   206 | D:1      | Learned a level 2 spell: Sticks to Snakes
   445 | D:1      | Reached skill level 3 in Transmutations
   719 | D:1      | Reached XP level 3. HP: 22/28 MP: 4/6
  1423 | D:1      | Learned a level 3 spell: Spider Form
  1497 | D:2      | Reached XP level 4. HP: 35/35 MP: 4/8
  1725 | D:2      | Reached skill level 4 in Transmutations
  3167 | D:4      | Reached XP level 5. HP: 40/40 MP: 7/9
  3233 | D:4      | Found Afogig's Serpentskin Sales.
  3233 | D:4      | Noticed a water moccasin
  3233 | D:4      | Noticed a water moccasin
  3233 | D:4      | Noticed a water moccasin
  3246 | D:4      | Killed a water moccasin
  3246 | D:4      | Reached skill level 5 in Transmutations
  3260 | D:4      | Killed a water moccasin
  3260 | D:4      | Reached XP level 6. HP: 14/47 MP: 1/11
  3292 | D:4      | Killed a water moccasin
  3361 | D:4      | Reached skill level 6 in Transmutations
  3361 | D:4      | Your scales start taking on a glossy black colour.
  3361 | D:4      | Reached XP level 7. HP: 42/52 MP: 4/13
  3361 | D:4      | Gained mutation: You are resistant to electric shocks.
                  | (rElec) [Black Draconian growth]
  3556 | D:4      | Found a sand-covered staircase.
  3569 | Ossuary  | Entered an ossuary
  3615 | Ossuary  | HP: 2/52 [mummy (1)]
  3626 | Ossuary  | Slain by a mummy

Skill      XL: |  1  2  3  4  5  6 |
---------------+-------------------+-----
Transmutations | 3 4 5 6 |  6.2
Spellcasting   | 3 4 |  4.2
Unarmed Combat | 4 |  4.4
Fighting       | |  1.1
Dodging        | |  1.7

Action                   |  1- 3 |  4- 6 |  7- 9 || total
-------------------------+-------+-------+-------++-------
Melee: Unarmed           |   109 |   162 |    34 ||   305
       Kick              |    14 |       |       ||    14
       Headbutt          |     4 |       |       ||     4
       Tailslap          |     5 |    14 |     4 ||    23
       Punch             |     1 |       |     1 ||     2
 Cast: Beastly Appendage |    23 |     1 |       ||    24
       Spider Form       |     1 |     7 |       ||     8
       Sticks to Snakes  |       |       |     6 ||     6
 Abil: Breathe Lightning |       |       |     1 ||     1
Evoke: Wand              |       |       |     4 ||     4
  Use: Scroll            |     3 |     8 |       ||    11
       Potion            |       |     3 |     2 ||     5
 Stab: Invisible         |       |     2 |       ||     2
  Eat: Chunk             |     2 |     5 |       ||     7
       Ration            |       |     1 |       ||     1
Armor: Skin              |    29 |    45 |    11 ||    85
Dodge: Dodged            |    59 |   120 |    36 ||   215
